 Dungeon Sprint DCSS version 0.31-a0-986-g5e6e4ef867 (webtiles) character file.

Game seed: 17160354008929801583

5783 sircluck the Grappler (level 10, -3/172 HPs)
             Began as a Troll Berserker on Nov 14, 2023.
             Was an Elder of Trog.
             Slain by Agnes
             ... wielding a +5 lajatang of distortion
              (19 damage)
             ... in the Dungeon (Sprint IV: "Fedhas' Mad Dash").
             The game lasted 00:05:01 (1363 turns).

sircluck the Grappler (Troll Berserker)             Turns: 1363, Time: 00:05:02

Health: -3/172     AC:  4    Str: 31    XL:     10   Next: 50%
Magic:  9/9        EV: 13    Int:  3    God:    Trog [****..]
Gold:   261        SH:  0    Dex:  9    Spells: 9/9 levels left

rFire   . .          .
                       - Unarmed
rCold   . . .        (no shield)
rNeg    . . .        a - +0 animal skin
rPois   .            (helmet restricted)
rElec   .            (no cloak)
rCorr   .            (gloves unavailable)
SInv    .            (boots unavailable)
Will    .....        j - amulet of invisibility {+Inv} Stlth
                     (no ring)
HPRegen 1.28/turn    (no ring)
MPRegen 0.11/turn

%: no teleportation
@: berserking, very quick
A: large, unfitting armour, claws 3, regeneration 1, shaggy fur 1, tough skin 1
a: Renounce Religion, Evoke Invisibility, Berserk, Trog's Hand, Brothers in Arms


You were in the Dungeon.
You worshipped Trog.
Trog was greatly pleased with you.
You visited 1 branch You collected 261 gold pieces.

Inventory:

Armour
 a - a +0 animal skin (worn)
Jewellery
 j - the amulet of invisibility (around neck) {+Inv}
   (You found it in the Dungeon)

   [amulet of nothing]

   +Inv:      It lets you turn invisible.
Scrolls
 g - a scroll of blinking
 h - a scroll of amnesia
 k - a scroll of summoning {unknown}
Potions
 b - 2 potions of curing
 c - a potion of heal wounds
 d - a potion of haste
 e - 2 potions of magic
 f - a potion of berserk rage
 i - a potion of brilliance {unknown}


   Skills:
 + Level 12.2 Fighting
 + Level 6.6 Armour
 + Level 12.0 Dodging
 + Level 14.2 Unarmed Combat


You had 9 spell levels left.
You didn't know any spells.
Your spell library was empty.

Dungeon Overview and Level Annotations

Branches:
Dungeon (1/1)

Altars:
Cheibriados
Dithmenos
Elyvilon
Gozag
Hepliaklqana
Kikubaaqudgha
Makhleb
Nemelex Xobeh
Okawaru
Qazlal
Ru
Sif Muna
Trog
Uskayaw
Vehumet
Wu Jian
Xom
Yredelemnul
Zin
The Shining One
Jiyva
Lugonu

Shops:
D (*==:(

Annotations:
D Agnes


Innate Abilities, Weirdness & Mutations

You are too large for most types of armour.
You have claws for hands.
Your natural rate of healing is unusually fast.
You are covered in fur. (AC +1)
You have tough skin. (AC +1)


Message History

You mangle Agnes!!
Agnes is moderately wounded.
Agnes hits you with a +5 lajatang of distortion!
You claw Agnes!
Agnes is moderately wounded.
Agnes closely misses you.
You closely miss Agnes.
Agnes is moderately wounded.
Agnes completely misses you.
You mangle Agnes!!
Agnes is heavily wounded.
Agnes barely misses you.
You miss Agnes.
Agnes is heavily wounded.
Agnes completely misses you.
You closely miss Agnes.
Agnes is heavily wounded.
Agnes hits you with a +5 lajatang of distortion!
You scratch Agnes.
Agnes is severely wounded.
You barely miss Agnes.
Agnes is severely wounded.
Agnes barely misses you.
You miss Agnes.
Agnes is severely wounded.
Agnes mutters, "I could really go for a good breadfruit right now."
Agnes hits you with a +5 lajatang of distortion!!
Space warps around you.
You closely miss Agnes.
Agnes is severely wounded.
Agnes hits you with a +5 lajatang of distortion!!!
Space warps horribly around you!
* * * LOW HITPOINT WARNING * * *
You miss Agnes.
Agnes is severely wounded.
Agnes hits you with a +5 lajatang of distortion!!
* * * LOW HITPOINT WARNING * * *
Space warps horribly around you!!
You die...
Agnes says, "May you follow the Path of Peace in your next life."

###############################
⌠._._._._.⌠.#..)...#....##∩##)#
._._._._._..'.)#.†.#....'.)##'#
.._._._._...#..###'##..)##∩#..###
._._._._._..#..##∩∩.'...#####....
_._._._._.⌠.#################...∩
#################....).###.....♣.
♣♣♣♣..♣(###.'.(i@......'.))).♣..∩
....♣).♣##:.#..#.......##########
.♣♣♣.♣..###.##'##......#
♣.(♣...♣'...#♣i♣########
#############... ♣.. ..i. ♣...
#####


You could see Agnes.

Vanquished Creatures
  A demonic crawler (D)
  5 oklob plants (D)
  2 burning bushes (D)
  A hornet (D)
  3 wandering mushrooms (D)
  A queen bee (D)
  3 scorpions (D)
  4 killer bees (D)
  4 oklob saplings (D)
  4 spriggans (D)
  A river rat (D)
  A rat (D)
30 creatures vanquished.

Vanquished Creatures (collateral kills)
  A spriggan druid (D)
  An oklob plant (D)
  A burning bush (D)
  A spriggan (D)
  An oklob sapling (D)
5 creatures vanquished.

Vanquished Creatures (others)
  A ballistomycete spore (D)
1 creature vanquished.

Grand Total: 36 creatures vanquished

Notes
Turn   | Place    | Note
-------+----------+-------------------------------------------
     0 | D        | sircluck the Troll Berserker began the quest for the Orb.
     0 | D        | Reached XP level 1. HP: 22/22 MP: 0/0
    11 | D        | Reached XP level 2. HP: 21/31 MP: 1/1
    26 | D        | Noticed an oklob sapling
    52 | D        | Killed an oklob sapling
    52 | D        | Reached ** piety under Trog
    53 | D        | Reached skill level 4 in Unarmed Combat
    53 | D        | Reached XP level 3. HP: 39/39 MP: 2/2
    54 | D        | Noticed a scorpion
    54 | D        | Found the amulet of invisibility {+Inv}
    59 | D        | Killed a scorpion
    60 | D        | Reached skill level 5 in Unarmed Combat
    60 | D        | Reached XP level 4. HP: 36/49 MP: 3/3
    94 | D        | Reached skill level 5 in Fighting
    94 | D        | Reached skill level 5 in Dodging
    94 | D        | Reached skill level 6 in Unarmed Combat
   106 | D        | Found an opulent altar of Gozag.
   106 | D        | Found a hazy altar of Hepliaklqana.
   106 | D        | Found a burning altar of Makhleb.
   106 | D        | Found a sparkling altar of Nemelex Xobeh.
   106 | D        | Found a snail-covered altar of Cheibriados.
   106 | D        | Found a sacrificial altar of Ru.
   106 | D        | Found a shimmering blue altar of Sif Muna.
   106 | D        | Found a shimmering altar of Xom.
   106 | D        | Found a basalt altar of Yredelemnul.
   113 | D        | Found a viscous altar of Jiyva.
   113 | D        | Found a bloodstained altar of Trog.
   113 | D        | Found an ornate altar of the Wu Jian Council.
   114 | D        | Found an iron altar of Okawaru.
   114 | D        | Found a glowing silver altar of Zin.
   114 | D        | Found a shadowy altar of Dithmenos.
   115 | D        | Found a hide-covered altar of Uskayaw.
   115 | D        | Found an ancient bone altar of Kikubaaqudgha.
   116 | D        | Found a stormy altar of Qazlal.
   116 | D        | Found a glowing golden altar of the Shining One.
   116 | D        | Found a white marble altar of Elyvilon.
   117 | D        | Found a radiant altar of Vehumet.
   117 | D        | Found a corrupted altar of Lugonu.
   123 | D        | Reached XP level 5. HP: 49/59 MP: 4/4
   155 | D        | Reached *** piety under Trog
   156 | D        | Reached skill level 7 in Unarmed Combat
   169 | D        | Reached XP level 6. HP: 68/68 MP: 5/5
   177 | D        | Reached skill level 8 in Unarmed Combat
   316 | D        | Found Gigria Xeawn's Assorted Antiques.
   316 | D        | Found Tuiteisu's Weapon Emporium.
   323 | D        | Noticed a burning bush
   323 | D        | Noticed a wandering mushroom
   373 | D        | Killed a wandering mushroom
   373 | D        | Reached **** piety under Trog
   374 | D        | Reached skill level 9 in Unarmed Combat
   374 | D        | Reached XP level 7. HP: 79/79 MP: 6/6
   381 | D        | Noticed a wandering mushroom
   547 | D        | Killed a burning bush
   548 | D        | Reached skill level 10 in Unarmed Combat
   558 | D        | Found Umaqask's Jewellery Emporium.
   558 | D        | Found Rummel's Jewellery Shoppe.
   562 | D        | Identified the +1 dire flail of Tenacity {elec, Int+6}
   603 | D        | Noticed a queen bee
   719 | D        | Reached ***** piety under Trog
   730 | D        | Reached XP level 8. HP: 69/92 MP: 7/7
   765 | D        | Killed a queen bee
   766 | D        | Reached skill level 11 in Unarmed Combat
   783 | D        | Noticed an oklob plant
   791 | D        | Killed an oklob plant
   792 | D        | Reached skill level 10 in Fighting
   819 | D        | Noticed a burning bush
   828 | D        | Killed a burning bush
   828 | D        | Received a gift from Trog
   829 | D        | Reached skill level 10 in Dodging
   837 | D        | Noticed a burning bush
   837 | D        | Noticed an oklob plant
   838 | D        | Noticed a wandering mushroom
   854 | D        | Reached skill level 12 in Unarmed Combat
   895 | D        | Killed a burning bush
   896 | D        | Reached XP level 9. HP: 99/102 MP: 8/8
   899 | D        | Killed an oklob plant
   927 | D        | Noticed a spriggan druid
   935 | D        | Killed a spriggan druid
   996 | D        | Noticed an oklob plant conjurer
  1032 | D        | Killed an oklob plant conjurer
  1033 | D        | Reached skill level 13 in Unarmed Combat
  1061 | D        | Noticed an oklob plant
  1061 | D        | Noticed an oklob plant summoner
  1193 | D        | Noticed a demonic crawler
  1197 | D        | Noticed an oklob plant shifter
  1201 | D        | Killed a demonic crawler
  1202 | D        | Reached skill level 5 in Armour
  1206 | D        | Killed an oklob plant
  1207 | D        | Reached XP level 10. HP: 114/114 MP: 9/9
  1212 | D        | Killed an oklob plant summoner
  1215 | D        | Killed an oklob plant shifter
  1256 | D        | Noticed a spriggan rider
  1264 | D        | Found Cetem's Book Emporium.
  1267 | D        | Killed a spriggan rider
  1268 | D        | Reached skill level 14 in Unarmed Combat
  1295 | D        | Found Qoebih's Antique Weapon Shoppe.
  1346 | D        | Noticed Agnes
  1363 | D        | Slain by Agnes

Illustrated notes

Levels and vault maps discovered:
D:        dungeon_sprint_fedhas [sprint_temple]

Skill      XL: |  1  2  3  4  5  6  7  8  9 10 |
---------------+-------------------------------+-----
Fighting       | 3 4 5 6 7 9 10 11 12 | 12.2
Dodging        | 3 4 5 6 7 8 10 11 12 | 12.0
Unarmed Combat | 4 5 6 7 9 10 12 13 14 | 14.2
Armour         | 2 5 6 |  6.6

Action                     |  1- 3 |  4- 6 |  7- 9 | 10-12 || total
---------------------------+-------+-------+-------+-------++-------
  Melee: Unarmed           |    13 |    22 |    82 |    24 ||   141
         Punch             |     1 |       |     4 |     1 ||     6
 Invoke: Berserk           |       |     1 |     1 |     2 ||     4
         Brothers in Arms  |       |       |     4 |     1 ||     5
Ability: Evoke Invisibilit |       |     1 |     1 |       ||     2
    Use: Scroll            |       |       |     1 |       ||     1
   Stab: Invisible         |       |     1 |       |     2 ||     3
         Sleeping          |       |     1 |       |       ||     1
 Armour: Animal skin       |     6 |     5 |    56 |     9 ||    76
  Dodge: Dodged            |     3 |     6 |    43 |     8 ||    60

Table legend: (Time is in decaauts)
 A = Elapsed time spent in this place.
 B = Non-inter-level travel time spent in this place.
 C = Inter-level travel time spent in this place.
 D = Time resting spent in this place.
 E = Time spent auto-exploring this place.
 F = Levels seen in this place.
 G = Mean time per level.
                   A        B        C        D        E       F      G
               +--------+--------+--------+--------+--------+-----+--------+
         Total |   1356 |   1356 |      0 |    695 |    182 |   1 | 1356.0 |
       Dungeon |   1356 |   1356 |      0 |    695 |    182 |   1 | 1356.0 |
               +--------+--------+--------+--------+--------+-----+--------+

Top non-repeatable levels by time:
       D: 1356 daAuts
